 Seeded DCSS version 0.29.1-15-g9cfb28693d (webtiles) character file.

Game seed: 1 (custom seed)

25 person50605 the Shield-Bearer (level 2, 0/29 HPs)
             Began as a Troll Fighter on Feb 26, 2023.
             Slain by a gnoll
             ... wielding a +0 whip
              (4 damage)
             ... on level 2 of the Dungeon.
             The game lasted 00:10:05 (1298 turns).

person50605 the Shield-Bearer (Troll Fighter)       Turns: 1298, Time: 00:10:06

Health: 0/29       AC:  4    Str: 23    XL:     2   Next: 86%
Magic:  1/1        EV:  8    Int:  4    God:
Gold:   134        SH:  7    Dex:  9    Spells: 1/1 levels left

rFire   . . .      SeeInvis .   g - +0 dagger
rCold   . . .      Faith    .   b - +0 kite shield
rNeg    . . .      Spirit   .   a - +0 robe
rPois   .          Reflect  .   (helmet restricted)
rElec   .          Harm     .   (no cloak)
rCorr   .          Rampage  .   (gloves unavailable)
Will    .....                   (boots unavailable)
Stlth   +.........              e - amulet of the acrobat
HPRegen 0.89/turn               (no ring)
MPRegen 0.07/turn               (no ring)

@: lethally poisoned (0 -> -4)
A: large, unfitting armour, claws 3, regeneration 1, shaggy fur 1, tough skin 1
a: no special abilities


You were on level 2 of the Dungeon.
You visited 1 branch of the dungeon, and saw 2 of its levels.

You collected 134 gold pieces.

Inventory:

Hand Weapons
 g - a +0 dagger (weapon)
 i - a +0 whip
 j - a +0 club
Missiles
 m - 10 stones (quivered)
Armour
 a - a +0 robe (worn)
 b - a +0 kite shield (worn)
Jewellery
 e - an amulet of the acrobat (around neck)
Scrolls
 f - a scroll of acquirement {unknown}
 l - 2 scrolls of identify {unknown}
Potions
 c - a potion of might
 d - a potion of haste {unknown}
 h - a potion of flight {unknown}
 k - a potion of attraction {unknown}


   Skills:
 + Level 2.6 Fighting
 + Level 0.6 Short Blades
 + Level 2.6 Dodging
 + Level 3.0 Shields
 + Level 2.1 Unarmed Combat


You had one spell level left.
You didn't know any spells.
Your spell library was empty.

Dungeon Overview and Level Annotations

Branches:
Dungeon (2/15)

Altars:


Innate Abilities, Weirdness & Mutations

You are too large for most types of armour.
You have claws for hands.
Your natural rate of healing is unusually fast.
You are covered in fur. (AC +1)
You have tough skin. (AC +1)


Message History

The gnoll is moderately wounded.
The gnoll hits you from afar with a +0 spear.
The gnoll hits you but does no damage. The gnoll barely misses you.
The gnoll hits you with a +0 whip.
You hit the gnoll but do no damage.
The gnoll is moderately wounded.
The gnoll hits you but does no damage. The gnoll hits you with a +0 whip.
The gnoll attacks as you move away! The gnoll hits you with a +0 whip.
A kobold comes into view. It is wielding a +2 dagger of venom.
A hobgoblin comes into view.
The hobgoblin shouts!
The gnoll completely misses you. The gnoll attacks as you move away!
You block the gnoll's attack. You block the kobold's attack.
You barely miss the kobold. The gnoll closely misses you.
The kobold barely misses you.
You hit the kobold but do no damage. The gnoll barely misses you.
The gnoll closely misses you. The kobold barely misses you.
You hit the kobold but do no damage. The gnoll closely misses you.
The gnoll barely misses you. The kobold barely misses you.
You barely miss the kobold. The gnoll closely misses you.
The gnoll hits you but does no damage. The kobold hits you but does no damage.
You are poisoned.
You hit the kobold but do no damage.
You feel sick.
The gnoll hits you from afar with a +0 spear.
You block the gnoll's attack.
The kobold hits you with a +2 dagger of venom.
You are more poisoned.
You hit the kobold.
The kobold is moderately wounded.
You feel very sick.
The gnoll hits you from afar with a +0 spear.
* * * LOW HITPOINT WARNING * * *
The gnoll closely misses you. The kobold hits you but does no damage.
You hit the kobold.
The kobold is severely wounded.
* * * LOW HITPOINT WARNING * * *
You feel very sick. You block the gnoll's attack.
The gnoll hits you with a +0 whip.
You die...

#.# #.# #.#
#.# #.# #
#g# #. #K#
#. #@#
#.########g#
#....g.J.g.#
#...########
###.# #J#
#.# ## ###g#
....#>#


You could see 2 gnolls, a hobgoblin and a kobold.

Vanquished Creatures
  A worm (D:2)
  4 endoplasms (D:1)
  A giant cockroach (D:1)
  4 goblins (D:1)
  2 hobgoblins (D:1)
  2 kobolds
  A quokka (D:1)
  A ball python (D:2)
  A bat (D:1)
  3 rats (D:1)
20 creatures vanquished.

Notes
Turn   | Place    | Note
-------+----------+-------------------------------------------
     0 | D:1      | person50605 the Troll Fighter began the quest for the Orb.
     0 | D:1      | Reached XP level 1. HP: 22/22 MP: 0/0
   340 | D:1      | Reached XP level 2. HP: 29/29 MP: 1/1
   590 | D:1      | Reached skill level 3 in Shields
  1298 | D:2      | Slain by a gnoll

Illustrated notes

Levels and vault maps discovered:
D:1:      dpeg_arrival_three_smaller_balls, layout_basic
D:2:      layout_loops_ring

Skill      XL: |  1  2 |
---------------+-------+-----
Shields        | 3 |  3.0
Fighting       | |  2.6
Short Blades   | |  0.6
Dodging        | |  2.6
Unarmed Combat | |  2.1

Action                   || total
-------------------------++-------
Melee: Dagger            ||   181
       Unarmed           ||     4
Armor: Robe              ||    51
Dodge: Dodged            ||    78
Block: Kite shield       ||    69
